 Dungeon Crawl Stone Soup version 0.30.1-4-g462c640d31 (webtiles) character file.

Game seed: 11281162351494448490

17 Peloso the Trooper (level 2, 27/27 HPs)
             Began as a Minotaur Fighter on Aug 17, 2023.
             Got out of the dungeon alive.
             The game lasted 00:00:58 (284 turns).

Peloso the Trooper (Minotaur Fighter)                Turns: 284, Time: 00:00:59

Health: 27/27      AC:  7    Str: 20    XL:     2   Next: 44%
Magic:  1/1        EV:  9    Int:  3    God:
Gold:   9          SH:  4    Dex:  9    Spells: 1/1 levels left

rFire   . . .        a - +0 long sword
rCold   . . .        c - +0 buckler
rNeg    . . .        b - +0 scale mail
rPois   .            (helmet restricted)
rElec   .            (no cloak)
rCorr   .            (no gloves)
SInv    .            (no boots)
Will    .....        (no amulet) Stlth
                     (no ring)
HPRegen 0.24/turn    (no ring)
MPRegen 0.07/turn

%: no passive effects
@: no status effects
A: horns 2, retaliatory headbutt, dopey 1
a: no special abilities


You escaped.
You visited 1 branch of the dungeon, and saw 1 of its levels.

You collected 9 gold pieces.

Inventory:

Hand Weapons
 a - a +0 long sword (weapon)
Armour
 b - a +0 scale mail (worn)
 c - a +0 buckler (worn)
Scrolls
 g - a scroll of fear {unknown}
Potions
 d - a potion of might
 f - a potion of cancellation {unknown}


   Skills:
 + Level 4.1 Fighting
 + Level 2.5 Long Blades
 + Level 4.0 Armour
 + Level 0.2 Dodging
 + Level 3.8 Shields


You had one spell level left.
You didn't know any spells.
Your spell library was empty.

Dungeon Overview and Level Annotations

Branches:
Dungeon (1/15)

Altars:


Innate Abilities, Weirdness & Mutations

You have a pair of horns on your head.
You reflexively headbutt those who attack you in melee.
You are dopey. (Int -2)


Message History

The bat is severely wounded.
The bat closely misses you.
You hit the bat.
You kill the bat!
You start to feel less resistant.
Your resistance to elements expires.
HP restored.
e - a yellow potion
f - a dark potion
g - a scroll labelled WAZ DUH PAK A bat comes into view.
A goblin comes into view. It is wielding a +0 dagger.
Found a leather armour.
The goblin shouts!
The bat hits you but does no damage.
You hit the bat.
You kill the bat!
Your Armour skill increases to level 4!
A goblin comes into view. It is wielding a +0 dagger.
The goblin shouts!
The goblin moves out of view.
You see here a bat corpse.
The goblin hits you but does no damage.
You closely miss the goblin. You headbutt the goblin.
You kill the goblin!
Things that are here:
a +0 dagger; a goblin corpse The goblin hits you but does no damage.
You hit the goblin.
You kill the goblin!
You see here a +0 dagger.
It was a potion of mutation.
You feel extremely strange.
You feel stupid.
(D) Dungeon
Where to? (? - help)
What level of the Dungeon? (default 1, ? - help)
There is an open door here.
There is a staircase leading out of the dungeon here.
Are you sure you want to leave the Dungeon?
This will make you lose the game!
You have escaped!

.#....# #.......#.###.........
.#....# #.......#...#.#.......
.#....### ######.........#..##.
........## #######...#.#..#..
.........# #.# ###.#..#.#..
........#. #.# ###.##....#..
........# ##'####..##........
........# +...'..####........
........# ####.@.#### #.....#..
........####..'...'..######.#####
........##..####'####..## #......
.......)#.### #.# ###.###.#####
.........## ### ##....#
........## ###### ........#
........# ........#


There were no monsters in sight!

Vanquished Creatures
  2 bats (D:1)
  3 endoplasms (D:1)
  2 goblins (D:1)
  2 hobgoblins (D:1)
  2 kobolds (D:1)
  A quokka (D:1)
  A frilled lizard (D:1)
  A rat (D:1)
14 creatures vanquished.

Notes
Turn   | Place    | Note
-------+----------+-------------------------------------------
     0 | D:1      | Peloso the Minotaur Fighter began the quest for the Orb.
     0 | D:1      | Reached XP level 1. HP: 19/19 MP: 0/0
    86 | D:1      | Reached XP level 2. HP: 11/27 MP: 1/1
   263 | D:1      | Gained mutation: You are dopey. (Int -2) [potion of
                  | mutation]
   284 | D:$      | Got out of the dungeon alive.

Illustrated notes

Levels and vault maps discovered:
D:1:      dpeg_arrival_radiant, layout_basic

Skill      XL: |  1  2 |
---------------+-------+-----
Fighting       | 4 |  4.1
Armour         | 4 |  4.0
Long Blades    | |  2.5
Dodging        | |  0.2
Shields        | |  3.8

Action                     || total
---------------------------++-------
  Melee: Long sword        ||    25
         Headbutt          ||     5
    Use: Potion            ||     3
 Armour: Scale mail        ||    22
  Dodge: Dodged            ||    16
  Block: Buckler           ||    11
